 Dungeon Crawl Stone Soup version 0.25-a0-565-g8875c97ebb (webtiles) character file.

Game seed: 3964970621774127683, levelgen mode: deterministic

1717 DerDa the Firebug (level 8, -4/52 HPs)
             Began as a Demonspawn Fire Elementalist on Feb 26, 2020.
             Was a Believer of Sif Muna.
             Slain by a wyvern zombie (10 damage)
             ... on level 7 of the Dungeon.
             The game lasted 00:19:04 (6414 turns).

DerDa the Firebug (Demonspawn Fire Elementalist)    Turns: 6414, Time: 00:19:07

Health: -4/52      AC:  5    Str:  8    XL:     8   Next: 74%
Magic:  5/17       EV: 12    Int: 20    God:    Sif Muna [**....]
Gold:   316        SH:  0    Dex: 13    Spells: 9/19 levels left

rFire    + . .     SeeInvis .   w - +2 falchion (vorpal)
rCold    . . .     Gourm    .   (no shield)
rNeg     . . .     Faith    .   a - +0 robe
rPois    .         Spirit   .   (no helmet)
rElec    .         Reflect  .   d - +0 cloak
rCorr    .         Harm     .   (no gloves)
MR       .....                  (no boots)
Stlth    +++.......             (no amulet)
HPRegen  0.17/turn              y - ring of stealth
MPRegen  0.15/turn              (no ring)

@: very slightly contaminated
A: hooves 2, slimy green scales 1, fire resistance 1
a: Channel Magic, Renounce Religion


You were on level 7 of the Dungeon.
You worshipped Sif Muna.
Sif Muna was pleased with you.
You were very hungry.

You visited 1 branch of the dungeon, and saw 9 of its levels.

You collected 316 gold pieces.

Inventory:

Hand Weapons
 h - a +1 whip of pain
 m - a +0 short sword of venom
 s - a +4 dagger of venom
 w - a +2 vorpal falchion (weapon)
Missiles
 e - 267 stones (quivered)
 t - 5 poisoned darts
Armour
 a - a +0 robe (worn)
 d - a +0 cloak (worn)
 B - a +0 cloak
Jewellery
 y - a ring of stealth (left hand)
 F - a +3 ring of strength {unknown}
Wands
 v - a wand of flame (15)
Scrolls
 i - 3 scrolls of amnesia
 n - 2 scrolls of enchant armour {unknown}
 o - 2 scrolls of remove curse
 p - 2 scrolls of enchant weapon
 u - 4 scrolls of identify
 x - a scroll of fog {unknown}
 A - a scroll of teleportation
Potions
 b - a potion of invisibility
 f - 2 potions of curing
 g - 2 potions of mutation
 j - a potion of degeneration {unknown}
 k - 2 potions of brilliance
 l - 2 potions of might {unknown}
 q - a potion of resistance {unknown}
 r - a potion of berserk rage {unknown}
 z - 2 potions of magic {unknown}
 D - 2 potions of flight {unknown}
 E - a potion of haste {unknown}
Comestibles
 c - 13 rations


   Skills:
 - Level 1.7 Dodging
 - Level 1.7 Stealth
 * Level 6.2 Spellcasting
 * Level 6.4 Conjurations
 * Level 6.5 Fire Magic


You had 9 spell levels left.
You knew the following spells:

 Your Spells              Type           Power        Failure   Level  Hunger
a - Foxfire               Conj/Fire      ####         1%          1    None
b - Sticky Flame          Conj/Fire      ####....     7%          4    ####...
c - Fireball              Conj/Fire      ####......   21%         5    #####..

Your spell library contained the following spells:

 Spells                   Type           Power        Failure   Level  Hunger
 Conjure Flame            Conj/Fire      ####....     2%          3    ##.....
 Inner Flame              Hex/Fire       ###.....     9%          3    ##.....


Dungeon Overview and Level Annotations

Branches:
Dungeon (9/15)
 Temple: D:4-7         Lair: D:8-11         Orc: D:9-12

Altars:
Ashenzari
Cheibriados
Kikubaaqudgha
Qazlal
Sif Muna
Xom
Yredelemnul
The Shining One

Shops:
D:8 *


Innate Abilities, Weirdness & Mutations

You have hoof-like feet.
You are partially covered in slimy green scales. (AC +2)
Your flesh is heat resistant. (rF+)


Message History

The wyvern zombie burns!
The wyvern zombie bites you! x2
* * * LOW HITPOINT WARNING * * *
The wyvern zombie burns!
Found a cloak.
You feel better.
The wyvern zombie burns!
The wyvern zombie bites you!
* * * LOW HITPOINT WARNING * * *
The wyvern zombie burns!
The wyvern zombie stops burning.
Casting: Sticky Flame (safe; 7% risk of failure)
Confirm with . or Enter, or press ? or * to list all spells.
Aiming: Sticky Flame (safe; 7% risk of failure)
Press: ? - help, Shift-Dir - straight line, f/p - wyvern zombie
Aim: a wyvern zombie (severely damaged)
The sticky flame hits the wyvern zombie.
The wyvern zombie is almost destroyed.
The wyvern zombie is covered in liquid flames!
The wyvern zombie burns!
The wyvern zombie closely misses you.
You riposte.
You barely miss the wyvern zombie.
The wyvern zombie is almost destroyed.
The wyvern zombie bites you!
You die...

.. .# .# #. .#..
[#. ###.. ... #.#
#.#######@#.####
#.)..)<.Z..≈≈≈≈≈.
#########.#≈###≈.
#.#≈# #.# # #.#
#.# #.# .#


You could see a wyvern zombie (burning).

Vanquished Creatures
  Sigmund (D:2)
  Menkaure (D:5)
  5 centaurs
  An ogre (D:4)
  A bullfrog (D:6)
  2 scorpions
  A howler monkey (D:4)
  A crimson imp (D:6)
  A bullfrog zombie (D:6)
  2 orc priests
  A jelly (D:5)
  A bullfrog skeleton (D:6)
  An iguana (D:4)
  3 orc wizards
  7 worker ants
  A howler monkey skeleton (D:4)
  8 gnolls (D:5)
  12 adders
  3 worms
  2 dart slugs
  2 leopard geckos
  18 orcs
  4 giant cockroaches
  6 goblins
  8 hobgoblins
  11 jackals
  5 kobolds
  5 quokkas
  8 ball pythons
  11 bats
  6 frilled lizards
  A jackal skeleton (D:5)
  2 quokka skeletons
  A quokka zombie (D:5)
  6 rats
149 creatures vanquished.

Vanquished Creatures (others)
  308 foxfires
308 creatures vanquished.

Grand Total: 457 creatures vanquished

Notes
Turn   | Place    | Note
-------+----------+-------------------------------------------
     0 | D:1      | DerDa the Demonspawn Fire Elementalist began the quest for
                  | the Orb.
     0 | D:1      | Reached XP level 1. HP: 13/13 MP: 3/3
   348 | D:1      | Gained mutation: You have large cloven feet. [demonic
                  | ancestry]
   348 | D:1      | Reached XP level 2. HP: 19/19 MP: 1/5
  1164 | D:2      | Reached XP level 3. HP: 22/24 MP: 0/6
  1397 | D:2      | Noticed Sigmund
  2078 | D:3      | Found a stormy altar of Qazlal.
  2113 | D:3      | Reached XP level 4. HP: 25/30 MP: 3/8
  2471 | D:3      | Gained mutation: Your flesh is heat resistant. (rF+)
                  | [demonic ancestry]
  2471 | D:3      | Reached XP level 5. HP: 20/35 MP: 0/9
  2787 | D:3      | Found a basalt altar of Yredelemnul.
  2787 | D:3      | Found a glowing golden altar of the Shining One.
  2792 | D:3      | Found a shattered altar of Ashenzari.
  2794 | D:3      | Found a shimmering altar of Xom.
  2796 | D:3      | Found a shimmering blue altar of Sif Muna.
  2807 | D:3      | Became a worshipper of Sif Muna the Loreminder
  3111 | D:2      | Learned a level 4 spell: Sticky Flame
  3117 | D:2      | Learned a level 5 spell: Fireball
  3123 | D:2      | Killed Sigmund
  3123 | D:2      | Reached XP level 6. HP: 41/41 MP: 6/11
  3605 | D:4      | Gained mutation: You have hoof-like feet. [demonic
                  | ancestry]
  3605 | D:4      | Reached XP level 7. HP: 42/46 MP: 7/13
  3928 | D:4      | Found a snail-covered altar of Cheibriados.
  4008 | D:4      | Reached skill level 5 in Fire Magic
  4269 | D:5      | Entered Level 5 of the Dungeon
  4270 | D:5      | Reached * piety under Sif Muna
  4313 | D:5      | Noticed Menkaure
  4320 | D:5      | Killed Menkaure
  4320 | D:5      | Reached skill level 5 in Conjurations
  4322 | D:5      | Reached skill level 5 in Spellcasting
  4529 | D:5      | Found an ancient bone altar of Kikubaaqudgha.
  4549 | D:5      | Gained mutation: You are partially covered in slimy green
                  | scales. (AC +2) [demonic ancestry]
  4549 | D:5      | Reached XP level 8. HP: 32/52 MP: 7/15
  5271 | D:6      | You fall into a shaft and drop 3 floors!
  5271 | D:9      | Noticed a two-headed ogre
  5275 | D:9      | Noticed a two-headed ogre
  5290 | D:9      | HP: 2/52 [poisoned by an adder]
  5300 | D:8      | Found Veif's General Store.
  5858 | D:6      | Reached ** piety under Sif Muna
  6414 | D:7      | Slain by a wyvern zombie

Levels and vault maps discovered:
D:1:      wheals_arrival_linesprint, layout_loops_ring, grunt_decor_fettered
D:2:      layout_loops_cross, uniq_sigmund
D:3:      corexii_shack_village, layout_rooms, grunt_qazlal_sundering,
          chequers_temple_overflow_minitemple, serial_forest,
          infiniplex_forest_lined_2, infiniplex_forest_clump_long,
          infiniplex_forest_straight_2, infiniplex_forest_clump_double,
          infiniplex_forest_fountain, first_ration, minmay_snake_closets
D:4:      layout_basic, kennysheep_little_box
D:5:      layout_cave_pools, lemuel_crystal_altar, uniq_menkaure
D:6:      layout_loops_ring
D:7:      layout_loops_ring, kennysheep_mini_moat, temple_doors_e,
          amethyst_killhole, grunt_livestock, uniq_duvessa
D:8:      layout_layer_cave, serial_shops, shop, david_defended_altar_orc,
          uniq_maggie
D:9:      layout_basic, uniq_gastronok

Skill      XL: |  1  2  3  4  5  6  7  8 |
---------------+-------------------------+-----
Fire Magic     | 3 4 5 6 |  6.5
Conjurations   | 2 3 4 5 6 |  6.4
Spellcasting   | 3 4 5 6 |  6.2
Dodging        | |  1.7
Stealth        | |  1.7

Action                   |  1- 3 |  4- 6 |  7- 9 || total
-------------------------+-------+-------+-------++-------
Melee: Unarmed           |     2 |       |       ||     2
       Club              |    12 |       |       ||    12
       Kick              |     8 |     7 |    11 ||    26
       Short sword       |    25 |    55 |    13 ||    93
       Flail             |    10 |       |       ||    10
       Falchion          |       |       |    38 ||    38
       Dagger            |       |       |     5 ||     5
Throw: Stone             |     1 |       |       ||     1
 Cast: Foxfire           |    69 |    48 |    92 ||   209
       Sticky Flame      |       |     3 |    17 ||    20
       Fireball          |       |       |     1 ||     1
  Use: Scroll            |       |    10 |     1 ||    11
       Potion            |       |       |     2 ||     2
 Stab: Sleeping          |     4 |     3 |     2 ||     9
  Eat: Chunk             |     4 |     6 |     7 ||    17
       Ration            |       |       |     1 ||     1
Armor: Robe              |    15 |     8 |    14 ||    37
Dodge: Dodged            |    31 |    50 |    59 ||   140
       Rpst.: Falchion   |       |       |     7 ||     7

Table legend:
 A = Non-vault XP
 B = Vault XP
 C = Vault XP percentage of total XP
 D = Non-vault monster count
 E = Vault monster count
 F = Vault count percentage of total count
                 A         B        C        D         E       F
            +---------+---------+-------+---------+---------+-------
      Total |    1984 |     470 |  19.2 |     128 |      21 |  14.1
            +---------+---------+-------+---------+---------+-------
        D:1 |      23 |       0 |   0.0 |      12 |       0 |   0.0
        D:2 |      57 |     208 |  78.5 |      28 |       1 |   3.4
        D:3 |      84 |      87 |  50.9 |      22 |      19 |  46.3
        D:4 |     533 |       0 |   0.0 |      20 |       0 |   0.0
        D:5 |     552 |     175 |  24.1 |      24 |       1 |   4.0
        D:6 |     534 |       0 |   0.0 |      17 |       0 |   0.0
        D:7 |      43 |       0 |   0.0 |       2 |       0 |   0.0
        D:9 |     158 |       0 |   0.0 |       3 |       0 |   0.0
            +---------+---------+-------+---------+---------+-------
